 Dungeon Crawl Stone Soup version 0.18-a0-5-gf1fb587 (webtiles) character file.

1944 glosham the Martial Artist (level 8, -5/62 HPs)
             Began as a Demigod Monk on Oct 31, 2015.
             Slain by comborobin's ghost (12 damage)
             ... on level 8 of the Dungeon.
             The game lasted 01:25:59 (5876 turns).

glosham the Martial Artist (Demigod Monk)           Turns: 5876, Time: 01:25:59

Health: -5/62      AC:  6    Str: 14    XL:     8   Next: 66%
Magic:  10/10      EV: 14    Int: 14    God:
Gold:   498        SH:  0    Dex: 25    Spells: 0 memorised, 7 levels left

rFire  . . .     SeeInvis .       - Unarmed
rCold  + + .     Clarity  .     X - +0 robe {rC+}
rNeg   . . .     SustAt   +     (no shield)
rPois  .         Gourm    .     U - +0 helmet
rElec  .         Spirit   .     (no cloak)
rCorr  .         Warding  .     V - +0 pair of gloves
rMut   .         Stasis   .     W - +1 pair of boots
MR     .....                    (no amulet)
Stlth  +++.......               B - ring of protection from cold
                                A - +3 ring of dexterity

@: hasted, very quick, not resistant to hostile enchantments, fairly stealthy
A: high mp 1, sustain attributes
a: no special abilities


You were on level 8 of the Dungeon.
You were hungry.

You visited 1 branch of the dungeon, and saw 8 of its levels.
You also visited: Ossuary.

You collected 498 gold pieces.

Inventory:

Hand Weapons
 b - a +4 whip of holy wrath
 c - a +0 blowgun
 E - a +0 battleaxe of chopping
 F - a +1 morningstar of protection
 H - a +0 dagger of venom
Missiles
 d - 6 tomahawks (quivered)
 w - 11 poisoned needles
 x - 2 throwing nets
Armour
 r - a +2 plate armour of fire resistance
 U - a +0 helmet (worn)
 V - a +0 pair of gloves (worn)
 W - a +1 pair of boots (worn)
 X - a +0 robe of cold resistance (worn)
 Y - a -2 cloak
 Z - a +0 shield
Jewellery
 u - an uncursed ring of magical power
 A - a +3 ring of dexterity (left hand)
 B - a ring of protection from cold (right hand)
Wands
 g - a wand of draining (15)
 s - a wand of fire (0)
 G - a wand of cold (4)
Scrolls
 e - a scroll of amnesia
 k - 4 scrolls of remove curse
 q - 3 scrolls of teleportation
 v - 2 scrolls of recharging
 D - a scroll of enchant armour
 I - a scroll of magic mapping
 J - a scroll of fog
Potions
 m - a potion of agility {unknown}
 n - a potion of magic
 o - 7 potions of curing
 p - a potion of flight
 t - a potion of ambrosia
 z - a potion of brilliance
 C - 2 potions of cancellation
Books
 y - Celatru's Guide on Attacks and Earth
   (You found it on level 5 of the Dungeon)

   Spells                             Type                      Level
   a - Sandblast                      Earth                        1
   b - Dazzling Spray                 Conjuration/Hexes            3
   c - Force Lance                    Conjuration/Translocation    4
   d - Iron Shot                      Conjuration/Earth            6
   e - Bolt of Cold                   Conjuration/Ice              6
Comestibles
 a - 3 bread rations
 f - 4 royal jellies
 h - a slice of pizza
 j - 4 meat rations
 l - 4 beef jerkies


   Skills:
 - Level 2.6 Fighting
 - Level 2.6 Dodging
 - Level 1.7 Stealth
 * Level 11.2 Unarmed Combat


You had 7 spell levels left.
You didn't know any spells.

Dungeon Overview and Level Annotations

Branches:
Dungeon (8/15)             Temple (0/1) D:7
   Lair: D:8-11

Annotations:
D:8 comborobin's ghost, novice TeGl


Innate Abilities, Weirdness & Mutations

You have an increased reservoir of magic (+10% MP).
Your attributes are resistant to harm.


Message History

Press: ? - help, Shift-Dir - straight line, f/p - comborobin's ghost
Aim: comborobin's ghost (moderately damaged)
The bolt of cold hits comborobin's ghost.
Comborobin's ghost is heavily damaged.
Evoking this partially-identified wand wasted a few charges.
Evoke which item? (* to show all) (? for menu, Esc to quit)
Zapping:
G - a wand of cold {zapped: 3} (will waste charges)
Press: ? - help, Shift-Dir - straight line, f/p - comborobin's ghost
Aim: comborobin's ghost (heavily damaged)
The bolt of cold hits comborobin's ghost.
Comborobin's ghost is heavily damaged.
Evoking this partially-identified wand wasted a few charges.
You hit comborobin's ghost.
Comborobin's ghost is severely damaged.
Comborobin's ghost shouts, "You must not succeed where I failed!"
Comborobin's ghost hits you.
A giant frog comes into view.
You hit comborobin's ghost but do no damage.
Comborobin's ghost is severely damaged.
Comborobin's ghost keens inconsolably.
Comborobin's ghost closely misses you.
You barely miss comborobin's ghost.
You punch comborobin's ghost, but do no damage.
Comborobin's ghost is severely damaged.
Comborobin's ghost hits you!!
You hit comborobin's ghost.
Comborobin's ghost is severely damaged.
Comborobin's ghost hits you!
You hit comborobin's ghost but do no damage.
Your punch misses comborobin's ghost.
Comborobin's ghost is severely damaged.
You hit comborobin's ghost but do no damage.
You punch comborobin's ghost, but do no damage.
Comborobin's ghost is severely damaged.
Comborobin's ghost hits you!
* * * LOW HITPOINT WARNING * * *
Drink which item? (? for menu, Esc to quit)
It was a potion of haste.
You feel yourself speed up. Comborobin's ghost hits you!
You die...

########....# #......
#.>..# #......
#....########<.....
#............###'##
#...........(#....#
########............#....#
#...................#....#
#.......F...........#....#
#.......W@..........####'#
'...........####....#....#
#...........#..#....#.....
###'###'#####..#....'.....
#/. ......##..#....##..##
.. ......##..#.....#..##
####.?..##..#.....#...#
o.##....##..#.....#...'
oo......##..#.....#####


You could see a giant frog and comborobin's ghost.

Vanquished Creatures
  Pikel (D:4)
  A slave (D:4)
  An ogre (D:6)
  2 orc warriors
  A giant frog (D:8)
  A water moccasin zombie (Ossuary)
  4 crimson imps
  An orc priest (D:5)
  5 wights (D:7)
  2 hounds
  A centaur skeleton (D:5)
  2 jellies
  4 orc wizards
  4 iguanas
  3 worker ants
  3 big kobold zombies (Ossuary)
  2 mummies (Ossuary)
  Robin (D:2)
  3 gnolls (D:4)
  4 adders
  A shadow imp (D:7)
  An ooze (D:4)
  An adder skeleton (D:7)
  5 adder zombies
  A worm (D:2)
  14 orcs
  2 ball pythons (D:1)
  7 bats
  4 giant cockroaches
  11 hobgoblins
  3 jackals (D:2)
  8 kobolds
  4 quokkas
  3 giant newts
  5 gnoll zombies (Ossuary)
  8 goblins
  8 hobgoblin zombies (Ossuary)
  5 kobold zombies (Ossuary)
  4 orc zombies (Ossuary)
  11 rats
152 creatures vanquished.

Vanquished Creatures (others)
  A worker ant (D:4)
  A gnoll (D:4)
2 creatures vanquished.

Grand Total: 154 creatures vanquished

Notes
Turn   | Place    | Note
--------------------------------------------------------------
     0 | D:1      | glosham the Demigod Monk began the quest for the Orb.
     0 | D:1      | Reached XP level 1. HP: 18/18 MP: 3/3
    52 | D:1      | Reached skill level 4 in Unarmed Combat
   220 | D:1      | Reached XP level 2. HP: 25/25 MP: 4/4
   760 | D:2      | Reached XP level 3. HP: 30/30 MP: 5/5
  1369 | D:2      | Noticed Robin
  1372 | D:2      | Reached skill level 5 in Unarmed Combat
  1381 | D:2      | Killed Robin
  1755 | D:3      | Reached XP level 4. HP: 33/37 MP: 6/6
  2597 | D:4      | Noticed Pikel
  2604 | D:4      | Killed Pikel
  2604 | D:4      | Reached skill level 8 in Unarmed Combat
  2604 | D:4      | Reached XP level 5. HP: 35/42 MP: 7/7
  2604 | D:4      | Reached XP level 6. HP: 41/50 MP: 8/8
  2607 | D:4      | Reached XP level 7. HP: 47/56 MP: 9/9
  2611 | D:4      | Noticed a freed slave
  2612 | D:4      | Noticed a freed slave
  2617 | D:4      | Noticed a freed slave
  2654 | D:4      | Killed a freed slave
  2679 | D:4      | Noticed an orc warrior
  2708 | D:4      | Killed an orc warrior
  2858 | D:5      | Entered Level 5 of the Dungeon
  2973 | D:5      | Identified Celatru's Guide on Attacks and Earth
  3090 | D:5      | Reached skill level 9 in Unarmed Combat
  4223 | D:7      | Found a staircase to the Ecumenical Temple.
  4288 | D:7      | Reached XP level 8. HP: 52/62 MP: 10/10
  4326 | D:7      | Reached skill level 10 in Unarmed Combat
  5203 | D:8      | Found a sand-covered staircase.
  5218 | Ossuary  | Entered an ossuary
  5373 | Ossuary  | Reached skill level 11 in Unarmed Combat
  5861 | D:8      | Noticed comborobin's ghost (novice TeGl)
  5876 | D:8      | Slain by comborobin's ghost

Vault maps used:
D:1:      mrwooster_arrival_statue_3, minmay_bisected
D:2:      grunt_decor_cap, uniq_robin
D:4:      serial_glass, glass_columns_a, glass_columns_a, amethyst_killhole,
          uniq_pikel
D:5:      wad_pebble_path, first_bread, serial_glass, glass_columns_a,
          glass_columns_a, glass_columns_a, glass_columns_a, glass_columns_a,
          glass_columns_a, glass_columns_a, glass_columns_c
D:7:      temple_fountains
D:8:      nicolae_ru_path_of_blood, nicolae_ossuary_entry_monument
Ossuary:  ossuary_tomb_2

Action                   |  1- 3 |  4- 6 |  7- 9 || total
-------------------------+-------+-------+-------++-------
Melee: Unarmed           |   128 |    52 |   308 ||   488
 Fire: Blowgun           |       |       |     4 ||     4
Throw: Tomahawk          |       |    11 |     2 ||    13
Evoke: Wand              |       |       |     6 ||     6
  Use: Scroll            |     4 |     6 |    15 ||    25
       Potion            |       |     1 |     4 ||     5
 Stab: Sleeping          |    12 |       |     9 ||    21
       Distracted        |       |       |     1 ||     1
  Eat: Chunk             |     2 |     3 |    10 ||    15

Table legend:
 A = Turns spent in this place as a percentage of turns spent in the entire game.
 B = Non-inter-level travel turns spent in this place as a percentage of non-inter-level travel turns spent in the entire game.
 C = Inter-level travel turns spent in this place as a percentage of turns spent in this place.
 D = Turns resting spent in this place as a percentage of non-inter-level travel turns spent in this place.
 E = Turns spent auto-exploring this place as a percentage of non-inter-level travel turns spent in this place.
 F = Non-inter-level travel turns spent in this place divided by the number of levels of this place that you've seen.
                   A       B       C       D       E      F
               +-------+-------+-------+-------+-------+----------------------
         Total | 100.0 | 100.0 |   0.4 |   0.6 |   0.3 | 432.7
       Dungeon |  94.7 |  94.7 |   0.5 |   0.3 |   0.4 | 460.9
       Ossuary |   5.3 |   5.3 |   0.0 |   4.8 |   0.0 | 207.0
               +-------+-------+-------+-------+-------+----------------------

Table legend:
 A = Kills in this place as a percentage of kills in entire the game.
 B = Kills by you in this place as a percentage of kills by you in the entire game.
 C = Kills by friends in this place as a percentage of kills by friends in the entire game.
 D = Other kills in this place as a percentage of other kills in the entire game.
 E = Experience gained in this place as a percentage of experience gained in the entire game.
 F = Experience gained in this place divided by the number of levels of this place that you have seen.
                   A       B       C       D       E      F
               +-------+-------+-------+-------+-------+----------------------
         Total | 100.0 | 100.0 |  -nan |  -nan | 100.0 | 308.7
       Dungeon |  78.8 |  78.8 |  -nan |  -nan |  91.1 | 316.5
       Ossuary |  21.2 |  21.2 |  -nan |  -nan |   8.9 | 246.0
               +-------+-------+-------+-------+-------+----------------------

Vault maps used:
D:1:      mrwooster_arrival_statue_3, minmay_bisected
D:2:      grunt_decor_cap, uniq_robin
D:4:      serial_glass, glass_columns_a, glass_columns_a, amethyst_killhole,
          uniq_pikel
D:5:      wad_pebble_path, first_bread, serial_glass, glass_columns_a,
          glass_columns_a, glass_columns_a, glass_columns_a, glass_columns_a,
          glass_columns_a, glass_columns_a, glass_columns_c
D:7:      temple_fountains
D:8:      nicolae_ru_path_of_blood, nicolae_ossuary_entry_monument
Ossuary:  ossuary_tomb_2
